 Dungeon Crawl Stone Soup version 0.23-a0-269-g65e0026 (webtiles) character file.

37 Amnesiac the Digger (level 3, -3/26 HPs)
             Began as a Ghoul Earth Elementalist on Sept 30, 2018.
             Slain by a worm (7 damage)
             ... on level 2 of the Dungeon.
             The game lasted 00:01:10 (212 turns).

Amnesiac the Digger (Ghoul Earth Elementalist)       Turns: 212, Time: 00:01:10

Health: -3/26      AC:  2    Str: 11    XL:     3   Next: 41%
Magic:  5/5        EV: 12    Int: 11    God:
Gold:   11         SH:  0    Dex:  9    Spells: 3/6 levels left

rFire    . . .     SeeInvis .   g - +1 dagger (elec)
rCold    + . .     Gourm    .   (no shield)
rNeg     + + +     Faith    .   c - +0 robe
rPois    ∞         Spirit   .   (no helmet)
rElec    .         Reflect  .   (no cloak)
rCorr    .         Harm     .   (no gloves)
MR       .....                  (no boots)
Stlth    ++........             (no amulet)
HPRegen  0.00/turn              (no ring)
MPRegen  0.09/turn              (no ring)

@: rotting
A: rotting body, claws 1, carnivore, cold resistance 1, negative energy
resistance 3, inhibited regeneration, torment resistance, unbreathing
a: no special abilities


You were on level 2 of the Dungeon.
You were not hungry.

You visited 1 branch of the dungeon, and saw 3 of its levels.

You collected 11 gold pieces.

Inventory:

Hand Weapons
 g - a +1 dagger of electrocution (weapon)
Missiles
 b - 21 stones (quivered)
Armour
 c - a +0 robe (worn)
 e - a +0 leather armour
Potions
 f - a potion of magic {!q, unknown}
Comestibles
 a - a chunk of flesh
 d - a ration


   Skills:
 - Level 1.7 Dodging
 - Level 2.1 Stealth
 + Level 2.3 Spellcasting
 - Level 0.8 Transmutations
 * Level 4.3 Earth Magic


You had 3 spell levels left.
You knew the following spells:

 Your Spells              Type           Power        Failure   Level  Hunger
a - Sandblast             Erth           ##....       4%          1    ##.....
b - Passwall              Tmut/Erth      #.......     14%         2    ###....

Your spell library contained the following spells:

 Spells                   Type           Power        Failure   Level  Hunger
 Stone Arrow              Conj/Erth      #.....       34%         3    ####...
 Petrify                  Tmut/Erth      #.......     67%         4    #####..
 Lee's Rapid Deconstruct  Erth           ##........   78%         5    ######.


Dungeon Overview and Level Annotations

Branches:
Dungeon (3/15)

Altars:


Innate Abilities, Weirdness & Mutations

Your body is rotting away.
You thrive on raw meat.
You are immune to poison.
You have sharp fingernails.
You are carnivorous and can eat meat at any time.
Your flesh is cold resistant. (rC+)
You are immune to negative energy. (rN+++)
You do not regenerate when monsters are visible.
You are immune to unholy pain and torment.
You can survive without breathing.


Message History

Magic restored.
You start resting.
Magic restored.
There is a stone staircase leading up here.
The kobold shouts!
You see here 11 gold pieces.
You now have 11 gold pieces.
Casting: Sandblast (safe; 7% risk of failure)
Confirm with . or Enter, or press ? or * to list all spells.
Aiming: Sandblast (safe; 7% risk of failure)
Press: ? - help, Shift-Dir - straight line, f - kobold
Aim: a kobold, wielding a dagger of electrocution The blast of sand hits the kobold.
You kill the kobold!
b - 21 stones Unknown command.
Things that are here:
a dagger of electrocution; a kobold corpse Wield which item (- for none, * to show all)? (? for menu, Esc to quit)
Okay, then.
Unknown command.
g - a dagger of electrocution Wield which item (- for none, * to show all)? (? for menu, Esc to quit)
You hear the crackle of electricity.
g - a +1 dagger of electrocution (weapon)
You butcher the kobold corpse.
a - 2 chunks of flesh (gained 1)
You see here a kobold skeleton.
You aren't carrying any scrolls.
Unknown command.
Okay, then.
Found a centaur barding.
HP restored.
Found a stone staircase leading down.
An orc and an orc priest come into view.
The orc priest moves out of view.
A giant cockroach comes into view.
The orc priest mumbles some strange prayers to Beogh against you.
Beogh smites you!
Ouch! That really hurt!
* * * LOW HITPOINT WARNING * * *
You hear a shout! x2
You hit the orc priest.
Lightning courses through the orc priest!
You kill the orc priest!
Your Earth Magic skill increases to level 4!
You have reached level 3!
Your experience leads to an increase in your attributes!
Increase (S)trength, (I)ntelligence, or (D)exterity?
You feel clever.
You hear a shout!
The giant cockroach completely misses you.
The giant cockroach bites you.
* * * LOW HITPOINT WARNING * * *
There is a stone staircase leading up here.
Eat one of 2 chunks of flesh? (ye/n/q)
You eat one of the 2 chunks of flesh.
This raw flesh tastes great!
The giant cockroach bites you.
* * * LOW HITPOINT WARNING * * *
The giant cockroach bites you.
* * * LOW HITPOINT WARNING * * *
The giant cockroach bites you but does no damage.
You climb upwards.
The worm bites you!
You die...

### ... ..#
#.# #.# #.#
#.# #w# #@#
#s#
#.####.#.
#........
####.####.#.
#....#
#.##.# # #.#
#.# ###


You could see a worm and a giant cockroach.

Vanquished Creatures
  An orc priest (D:3)
  A goblin (D:2)
  3 hobgoblins
  2 kobolds
  A bat (D:3)
8 creatures vanquished.

Notes
Turn   | Place    | Note
-------+----------+-------------------------------------------
     0 | D:1      | Amnesiac the Ghoul Earth Elementalist began the quest for
                  | the Orb.
     0 | D:1      | Reached XP level 1. HP: 14/14 MP: 2/2
   120 | D:3      | Reached XP level 2. HP: 10/20 MP: 0/4
   124 | D:3      | Learned a level 2 spell: Passwall
   197 | D:3      | Reached skill level 4 in Earth Magic
   197 | D:3      | Reached XP level 3. HP: 5/26 MP: 5/5
   212 | D:2      | Slain by a worm

Vault maps used:
D:1:      nzn_arrival_water_spiral, serial_bayou_pond_b, minmay_split_cup_small
D:2:      old_standard_altar
D:3:      okawaru_trees_1, uniq_crazy_yiuf_cottage

Skill      XL: |  1  2 |
---------------+-------+-----
Spellcasting   | 2 |  2.3
Earth Magic    | 4 |  4.3
Dodging        | |  1.7
Stealth        | |  2.1
Transmutations | |  0.8

Action                   || total
-------------------------++-------
Melee: Unarmed           ||    16
       Dagger            ||     1
 Cast: Sandblast         ||     9
 Stab: Sleeping          ||     1
  Eat: Chunk             ||     6
Armor: Robe              ||     6
Dodge: Dodged            ||    32

Table legend:
 A = Non-vault XP
 B = Vault XP
 C = Vault XP percentage of total XP
 D = Non-vault monster count
 E = Vault monster count
 F = Vault count percentage of total count
                 A         B        C        D         E       F
            +---------+---------+-------+---------+---------+-------
      Total |      54 |       0 |   0.0 |       8 |       0 |   0.0
            +---------+---------+-------+---------+---------+-------
        D:2 |       8 |       0 |   0.0 |       4 |       0 |   0.0
        D:3 |      46 |       0 |   0.0 |       4 |       0 |   0.0
            +---------+---------+-------+---------+---------+-------
